 Dungeon Crawl Stone Soup version 0.27.1-2-g3b301248ec (webtiles) character file.

Game seed: 17198852778451706566

448 Metae the Skirmisher (level 7, -2/61 HPs)
             Began as a Hill Orc Fighter on Sept 27, 2021.
             Slain by an iguana (3 damage)
             ... on level 4 of the Dungeon.
             The game lasted 00:10:50 (3397 turns).

Metae the Skirmisher (Hill Orc Fighter)             Turns: 3397, Time: 00:10:51

Health: -2/61      AC: -1    Str: 21    XL:     7   Next: 3%
Magic:  7/7        EV:  5    Int:  8    God:
Gold:   85         SH:  9    Dex: 10    Spells: 6/6 levels left

rFire    . . .     SeeInvis .   a - +0 war axe
rCold    . . .     Faith    .   c - +0 kite shield
rNeg     . . .     Spirit   .   p - +0 chain mail
rPois    .         Reflect  .   l - +0 helmet
rElec    .         Harm     .   (no cloak)
rCorr    .         Rampage  .   (no gloves)
Will     .....                  (no boots)
Stlth    ..........             (no amulet)
HPRegen  0.20/turn              t - +4 ring of protection
MPRegen  0.10/turn              (no ring)

@: corroded
A: no striking features
a: no special abilities


You were on level 4 of the Dungeon.
You visited 1 branch of the dungeon, and saw 4 of its levels.
You also visited: Ossuary.

You collected 181 gold pieces.
You spent 96 gold pieces at shops.

Inventory:

Hand Weapons
 a - a +0 war axe (weapon)
 k - a +2 dagger of venom
Armour
 b - a +0 scale mail
 c - a +0 kite shield (worn)
 l - a +0 helmet (worn)
 p - a +0 chain mail (worn)
Jewellery
 t - a +4 ring of protection (left hand)
Wands
 s - a wand of flame (9) (quivered)
Scrolls
 f - a scroll of brand weapon {unknown}
 g - a scroll of amnesia {unknown}
 h - a scroll of fog {unknown}
 j - a scroll of fear {unknown}
 n - a scroll of torment {unknown}
 r - a scroll of identify {unknown}
 u - a scroll of blinking {unknown}
 v - 2 scrolls of teleportation {unknown}
 y - a scroll of immolation {unknown}
 A - a scroll of noise {unknown}
Potions
 d - a potion of might
 e - a potion of brilliance {unknown}
 i - 2 potions of lignification {unknown}
 m - 2 potions of heal wounds
 o - 4 potions of curing
 q - 2 potions of haste {unknown}
 w - a potion of attraction {unknown}
 x - a potion of magic {unknown}
 z - a potion of ambrosia {unknown}


   Skills:
 + Level 5.3 Fighting
 + Level 5.1 Axes
 + Level 4.8 Armour
 + Level 4.8 Shields
 + Level 2.0 Evocations


You had 6 spell levels left.
You didn't know any spells.
Your spell library contained the following spells:

 Spells                   Type           Power      Damage    Failure   Level
 Frozen Ramparts          Ice            0%         1d2       100%        3
 Ice Form                 Ice/Tmut       0%         N/A       100%        4
 Summon Ice Beast         Ice/Summ       0%         N/A       100%        4


Dungeon Overview and Level Annotations

Branches:
Dungeon (4/15)            Ossuary (visited)
 Temple: D:4-7

Altars:

Shops:
D:3 !


Message History

You are splashed with acid.
A wight comes into view. It is wielding a +4 war axe.
You block the steam dragon's attack. The steam dragon claws you.
The iguana bites you! The jelly hits you. The acid corrodes you!
You are splashed with acid!
* * * LOW HITPOINT WARNING * * *
The wight moves out of view.
You block the steam dragon's attack. The steam dragon claws you.
* * * LOW HITPOINT WARNING * * *
The steam dragon breathes steam at you. The ball of steam hits you!
* * * LOW HITPOINT WARNING * * *
You feel much better.
You are engulfed in a cloud of scalding steam.
* * * LOW HITPOINT WARNING * * *
Really walk into that cloud of steam?
Okay, then.
The steam dragon bites you!
* * * LOW HITPOINT WARNING * * *
You block the steam dragon's attack.
The iguana is engulfed in a cloud of scalding steam.
You block the iguana's attack. The iguana bites you.
* * * LOW HITPOINT WARNING * * *
You feel much better. The jelly hits you. The acid corrodes you!
You are splashed with acid.
The steam dragon breathes steam at you. The ball of steam hits you!
* * * LOW HITPOINT WARNING * * *
The iguana barely misses you.
You feel better.
You are engulfed in a cloud of scalding steam.
* * * LOW HITPOINT WARNING * * *
The jelly hits you.
* * * LOW HITPOINT WARNING * * *
You are splashed with acid!
* * * LOW HITPOINT WARNING * * *
The steam dragon barely misses you. You block the steam dragon's attack.
The iguana bites you.
You die...

#..###'###..#.....# ...
#.......#.......###..#
###.....###...........# ..
#.##...##.##..........#
##....###'###.###'###...#####..#
........................#
....#####...###...##J..## #...#
#...# #.Dl.#..## #..## #...#
##@J....# # #...###...# ##z...##
## #........## #...##
.###.........# ##.##
..#......#........##
......####.......## .....##
#......## .....# ......## ###..#
........#


You could see a steam dragon, an iguana, a jelly and a wight.

Vanquished Creatures
  A centaur (D:4)
  A phantom (D:4)
  An elf zombie (Ossuary)
  Ijyb (D:3)
  An iguana (D:4)
  4 mummies
  A hound skeleton (D:2)
  Robin (D:1)
  2 adders (D:3)
  2 adder zombies (Ossuary)
  2 dart slugs
  An orc (D:3)
  5 ball pythons
  8 bats
  5 endoplasms
  A giant cockroach (D:3)
  A gnoll zombie (Ossuary)
  16 goblins
  9 hobgoblins
  A quokka (D:1)
  2 frilled lizards
  5 goblin zombies
  A hobgoblin zombie (Ossuary)
  3 kobolds
  3 kobold zombies (Ossuary)
  3 quokka zombies (Ossuary)
  7 rats
  4 rat zombies (Ossuary)
92 creatures vanquished.

Notes
Turn   | Place    | Note
-------+----------+-------------------------------------------
     0 | D:1      | Metae the Hill Orc Fighter began the quest for the Orb.
     0 | D:1      | Reached XP level 1. HP: 19/19 MP: 1/1
    27 | D:1      | Found a faded altar of an unknown god.
   400 | D:1      | Reached XP level 2. HP: 27/27 MP: 2/2
  1018 | D:2      | Noticed Robin
  1023 | D:1      | Killed Robin
  1024 | D:1      | Reached XP level 3. HP: 21/33 MP: 3/3
  1447 | D:2      | Reached XP level 4. HP: 40/40 MP: 4/4
  1742 | D:3      | Noticed Ijyb
  1752 | D:3      | Killed Ijyb
  2146 | D:3      | Found Gonut's Distillery.
  2151 | D:3      | Bought a potion of heal wounds for 60 gold pieces
  2151 | D:3      | Bought a potion of curing for 36 gold pieces
  2188 | D:3      | Reached XP level 5. HP: 47/47 MP: 5/5
  2619 | D:4      | Noticed a phantom
  2626 | D:4      | Noticed a centaur
  2632 | D:4      | Killed a phantom
  2633 | D:4      | Reached skill level 1 in Evocations
  2643 | D:4      | Killed a centaur
  2644 | D:4      | Reached skill level 5 in Fighting
  2644 | D:4      | Reached XP level 6. HP: 26/56 MP: 6/6
  2933 | D:4      | Found a sand-covered staircase.
  2956 | Ossuary  | Entered an ossuary
  3166 | Ossuary  | Reached skill level 5 in Axes
  3166 | Ossuary  | Reached XP level 7. HP: 46/61 MP: 7/7
  3374 | D:4      | Noticed a steam dragon
  3395 | D:4      | HP: 3/61 [iguana (2)]
  3397 | D:4      | HP: 1/61 [acid (10)]
  3397 | D:4      | Slain by an iguana

Illustrated notes

Levels and vault maps discovered:
D:1:      amcnicky_arrival_wind_blow, layout_basic, serial_forest,
          infiniplex_forest_lined_2, infiniplex_forest_3_way,
          infiniplex_forest_lined_3_way, infiniplex_forest_lined_room_,
          basic_ecumenical_altar
D:2:      layout_rooms, uniq_robin
D:3:      layout_basic, serial_shops, shop, minmay_fractal_squares_gapless_5,
          uniq_ijyb
D:4:      layout_layer_cave, lemuel_crystal_altar, lemuel_crystal_altar,
          temple_pool_b, gammafunk_ghost_abyssal_escape,
          nicolae_ossuary_entry_giza, hangedman_abyss_or_decor_passed

Skill      XL: |  1  2  3  4  5  6 |
---------------+-------------------+-----
Axes           | 3 4 5 |  5.1
Fighting       | 4 5 |  5.3
Armour         | 4 |  4.8
Shields        | 4 |  4.8
Evocations     | 1 2 |  2.0

Action                   |  1- 3 |  4- 6 |  7- 9 || total
-------------------------+-------+-------+-------++-------
Melee: War axe           |    77 |   129 |     7 ||   213
Evoke: Wand              |       |     3 |       ||     3
  Use: Potion            |       |       |     3 ||     3
Armor: Scale mail        |    47 |     3 |       ||    50
       Chain mail        |       |   100 |     8 ||   108
Dodge: Dodged            |    37 |    34 |     4 ||    75
Block: Kite shield       |    67 |    85 |    11 ||   163
